 Dungeon Crawl Stone Soup version 0.31-a0-233-g139696dc86 (webtiles) character file.

Game seed: 11468814767175141020

91 qw the Shooter (level 4, -4/36 HPs)
             Began as a Minotaur Hexslinger on July 8, 2023.
             Killed from afar by Ijyb (12 damage)
             ... with a bolt of light
             ... on level 3 of the Dungeon.
             The game lasted 00:00:38 (1725 turns).

qw the Shooter (Minotaur Hexslinger)                Turns: 1725, Time: 00:00:39

Health: -4/36      AC:  5    Str: 12    XL:     4   Next: 33%
Magic:  4/4        EV: 16    Int: 10    God:
Gold:   50         SH:  0    Dex: 15    Spells: 4/5 levels left

rFire   . . .        Y - +1 sling
rCold   . . .        (no shield)
rNeg    . . .        e - +0 ring mail
rPois   .            (helmet restricted)
rElec   .            (no cloak)
rCorr   .            (no gloves)
SInv    .            (no boots)
Will    .....        (no amulet)
Stlth   +            f - +5 ring of evasion
HPRegen 0.26/turn    (no ring)
MPRegen 0.09/turn

%: no passive effects
@: lethally poisoned (-4 -> -7)
A: horns 2, retaliatory headbutt
a: no special abilities


You were on level 3 of the Dungeon.
You visited 1 branch of the dungeon, and saw 3 of its levels.

You collected 50 gold pieces.


Innate Abilities, Weirdness & Mutations

You have a pair of horns on your head.
You reflexively headbutt those who attack you in melee.


   Skills:
 - Level 2.0 Fighting
 + Level 4.6 Ranged Weapons
 - Level 1.2 Armour
 - Level 2.1 Dodging
 - Level 1.0 Spellcasting
 - Level 2.0 Hexes


You had 4 spell levels left.
You knew the following spells:

 Your Spells              Type           Power      Damage    Failure   Level
a - Slow                  Hex            16%        N/A       34%         1

Your spell library contained the following spells:

 Spells                   Type           Power      Damage    Failure   Level
 Inner Flame              Hex/Fire       2%         N/A       83%         3
 Portal Projectile        Hex/Tloc       4%         N/A       83%         3
 Cause Fear               Hex            2%         N/A       98%         4

Inventory:

Hand Weapons
 Y - a +1 sling (weapon)
Armour
 e - a +0 ring mail (worn)
Jewellery
 f - a +5 ring of evasion (left hand)
Scrolls
 a - a scroll of identify
Potions
 b - a potion of haste
 c - a potion of might {unknown}
 d - 2 potions of curing

Dungeon Overview and Level Annotations

Branches:
Dungeon (3/15)

Altars:

Annotations:
D:3 Ijyb


Message History

You shoot a sling bullet.
The sling bullet barely misses the worm.
The sling bullet hits the adder.
The adder is moderately wounded.
Ijyb barely misses you.
You shoot a sling bullet.
The sling bullet completely misses the worm.
The adder closely misses you.
Ijyb zaps a wand.
The bolt of light hits you! The worm closely misses you.
You furiously retaliate!
You headbutt the worm!
You kill the worm!
The adder bites you but does no damage. Ijyb hits you with a +0 dagger.
You shoot a sling bullet.
The sling bullet barely misses the adder.
The adder bites you. Ijyb hits you with a +0 dagger. The adder misses you.
You furiously retaliate!
You headbutt the adder! You shoot a sling bullet.
The sling bullet hits the adder but does no damage.
The adder is almost dead.
The adder closely misses you. Ijyb closely misses you.
You shoot a sling bullet. The sling bullet misses the adder.
The adder bites you but does no damage. Ijyb closely misses you.
The adder misses you.
You shoot a sling bullet.
The sling bullet barely misses the adder.
Ijyb zaps a wand.
The bolt of light misses you. The adder closely misses you.
Ijyb completely misses you.
You shoot a sling bullet.
The sling bullet closely misses the adder.
The adder barely misses you. The adder completely misses you.
Ijyb closely misses you.
You shoot a sling bullet.
The sling bullet closely misses the adder.
The adder bites you.
You are poisoned.
The adder poisons you!
Ijyb zaps a wand.
The bolt of light misses you. The adder bites you but does no damage.
You shoot a sling bullet. The sling bullet hits the adder.
You kill the adder!
You feel sick.
Ijyb zaps a wand.
The bolt of light hits you!
You die...

#### ...# #
...##.# # .......
....######g......
#....<%@...<...
#.###))........
#..........
#..........
+..........
#.....###..
#.....# # #......


You could see Ijyb.

Vanquished Creatures
  6 adders
  2 worms
  2 ball pythons (D:1)
  3 bats
  6 endoplasms
  2 goblins
  2 hobgoblins
  2 jackals (D:1)
  A quokka (D:2)
  5 frilled lizards
  8 kobolds
  5 rats (D:1)
44 creatures vanquished.

Notes
Turn   | Place    | Note
-------+----------+-------------------------------------------
     0 | D:1      | qw the Minotaur Hexslinger began the quest for the Orb.
     0 | D:1      | Reached XP level 1. HP: 16/16 MP: 1/1
     0 | D:1      | 0 ||| qw: Version: 0.3-a-46-gb1f654a
     0 | D:1      | 0 ||| qw: Game counter: 3723
     0 | D:1      | 0 ||| qw: Melee chars always use a shield: true
     0 | D:1      | 0 ||| qw: God list: Okawaru
     0 | D:1      | 0 ||| qw: Allow faded altars: false
     0 | D:1      | 0 ||| qw: Do Orc after clearing Dungeon:15 true
     0 | D:1      | 0 ||| qw: Do second Lair branch before Depths: true
     0 | D:1      | 0 ||| qw: Lair rune preference: random
     0 | D:1      | 0 ||| qw: Goals: Normal
     0 | D:1      | 0 ||| PLANNING D:1-11
   147 | D:1      | You fall into a shaft and drop 1 floor!
   162 | D:2      | 162 ||| UPGRADING to +0 ring mail.
   172 | D:2      | 172 ||| DROPPING +0 robe.
   173 | D:2      | 173 ||| UPGRADING to +5 ring of evasion.
   174 | D:2      | 174 ||| READING scroll labelled FINU XIETIMEU.
   175 | D:2      | 175 ||| DRINKING 2 blue potions.
   176 | D:2      | 176 ||| DROPPING scroll of poison.
   211 | D:1      | Reached skill level 3 in Ranged Weapons
   211 | D:1      | Found a faded altar of an unknown god.
   230 | D:1      | Reached XP level 2. HP: 23/23 MP: 2/2
   668 | D:1      | 668 ||| READING scroll labelled FOTADY YFITH.
   669 | D:1      | 669 ||| READING scroll labelled UTOLEN NETITRY.
   670 | D:1      | 670 ||| READING scroll labelled ISTUIF FUILEFO.
  1104 | D:2      | Reached XP level 3. HP: 28/29 MP: 3/3
  1131 | D:2      | Reached skill level 4 in Ranged Weapons
  1173 | D:2      | Reached skill level 1 in Armour
  1175 | D:2      | Reached XP level 4. HP: 16/36 MP: 4/4
  1613 | D:2      | 1613 ||| READING scroll labelled DEIMON DUYCH.
  1614 | D:2      | 1614 ||| READING 2 scrolls labelled KUURACW ARIOGA.
  1615 | D:2      | 1615 ||| READING 2 scrolls of identify.
  1615 | D:2      | 1615 ||| IDENTIFYING fuming sapphire potion
  1616 | D:2      | 1616 ||| DROPPING scroll of fear.
  1648 | D:3      | 1648 ||| STAIRDANCE
  1710 | D:3      | Noticed Ijyb
  1719 | D:3      | HP: 9/36 [Ijyb/+0 dagger (3)]
  1724 | D:3      | HP: 9/36 [adder (1)]
  1725 | D:3      | Killed from afar by Ijyb

Levels and vault maps discovered:
D:1:      dpeg_arrival_concentric_ovals, layout_loops_ring,
          shapermc_ecumenical_altar_acropolis
D:2:      layout_basic, serial_forest, infiniplex_forest_lined_1,
          infiniplex_forest_clump_small, infiniplex_forest_diagonal,
          infiniplex_forest_straight_2, infiniplex_forest_lined_2,
          infiniplex_forest_fountain, nicolae_eternal_life
D:3:      layout_basic, minmay_misc_feat_square, uniq_robin, uniq_ijyb

Skill      XL: |  1  2  3 |
---------------+----------+-----
Ranged Weapons | 3 4 |  4.6
Fighting       | 2 |  2.0
Armour         | 1 |  1.2
Dodging        | |  2.1
Spellcasting   | |  1.0
Hexes          | |  2.0

Action                     |  1- 3 |  4- 6 || total
---------------------------+-------+-------++-------
   Fire: Sling             |   104 |    49 ||   153
    Use: Scroll            |     4 |     3 ||     7
         Potion            |     1 |       ||     1
 Armour: Robe              |     5 |       ||     5
         Ring mail         |    15 |    12 ||    27
  Dodge: Dodged            |    65 |    28 ||    93

Table legend:
 A = Non-vault XP
 B = Vault XP
 C = Vault XP percentage of total XP
 D = Non-vault monster count
 E = Vault monster count
 F = Vault count percentage of total count
                 A         B        C        D         E       F
            +---------+---------+-------+---------+---------+-------
      Total |     144 |       0 |   0.0 |      44 |       0 |   0.0
            +---------+---------+-------+---------+---------+-------
        D:1 |      22 |       0 |   0.0 |      15 |       0 |   0.0
        D:2 |      95 |       0 |   0.0 |      22 |       0 |   0.0
        D:3 |      27 |       0 |   0.0 |       7 |       0 |   0.0
            +---------+---------+-------+---------+---------+-------
